 Dungeon Crawl Stone Soup version 0.19-a0-1468-ge013c26 (webtiles) character file.

29 jacquesderrida the Caller (level 3, -3/24 HPs)
             Began as a Demonspawn Summoner on Sept 7, 2016.
             Slain by a hobgoblin
             ... wielding a +0 club
              (6 damage)
             ... on level 3 of the Dungeon.
             The game lasted 00:02:57 (581 turns).

jacquesderrida the Caller (Demonspawn Summoner)      Turns: 581, Time: 00:02:57

Health: -3/24      AC:  5    Str:  8    XL:     3   Next: 1%
Magic:  2/6        EV: 12    Int: 20    God:
Gold:   51         SH:  0    Dex: 13    Spells: 2 memorised, 3 levels left

rFire  . . .     SeeInvis .     g - +2 mace (venom)
rCold  . . .     Gourm    .     a - +0 robe
rNeg   . . .     Faith    .     (no shield)
rPois  .         Spirit   .     (no helmet)
rElec  .         Dismiss  .     (no cloak)
rCorr  .         Reflect  .     (no gloves)
MR     .....     Harm     .     e - +2 pair of boots
Stlth  ++........               (no amulet)
                                (no ring)
                                i - +3 ring of intelligence

@: no status effects
A: powered by death 2
a: no special abilities


You were on level 3 of the Dungeon.
You were not hungry.

You visited 1 branch of the dungeon, and saw 3 of its levels.

You collected 51 gold pieces.

Inventory:

Hand Weapons
 g - a +2 mace of venom (weapon)
Missiles
 l - 6 tomahawks of dispersal (quivered)
Armour
 a - a +0 robe (worn)
 e - a +2 pair of boots (worn)
Jewellery
 i - a +3 ring of intelligence (left hand)
Scrolls
 d - a scroll of identify {unknown}
 k - a scroll of teleportation {unknown}
 m - a scroll of remove curse {unknown}
Potions
 f - 2 potions of agility {unknown}
 h - a potion of brilliance {unknown}
Books
 b - a book of Callings

   Spells                             Type                      Level
   a - Summon Small Mammal            Summoning                    1
   b - Call Imp                       Summoning                    2
   c - Call Canine Familiar           Summoning                    3
   d - Summon Guardian Golem          Hexes/Summoning              3
   e - Summon Lightning Spire         Summoning/Air                4
   f - Summon Ice Beast               Ice/Summoning                4
Comestibles
 c - a bread ration
 j - 2 chunks of flesh


   Skills:
 - Level 1.7 Dodging
 - Level 1.7 Stealth
 - Level 2.0 Spellcasting
 + Level 5.0 Summonings


You had 3 spell levels left.
You knew the following spells:

 Your Spells              Type           Power        Failure   Level  Hunger
a - Summon Small Mammal   Summ           ###.         1%          1    #......
b - Call Imp              Summ           ###.....     2%          2    ##.....


Dungeon Overview and Level Annotations

Branches:
Dungeon (3/15)

Altars:

Annotations:
D:3 jacquesderrida's ghost, weakling DsSu


Innate Abilities, Weirdness & Mutations

You regenerate health from kills.


Message History

Your crimson imp blinks!
Your crimson imp blinks!
The bat hits you but does no damage. The bat hits you but does no damage.
Your crimson imp blinks!
The bat misses you. The bat closely misses you.
Your crimson imp blinks!
The bat misses you.
Your crimson imp blinks!
Your crimson imp hits the hobgoblin but does no damage.
The bat hits you but does no damage. The bat closely misses you.
The bat hits you but does no damage.
Your crimson imp blinks!
Casting: Call Imp
Confirm with . or Enter, or press ? or * to list all spells.
A beastly little devil appears in a puff of flame.
The bat closely misses you. The hobgoblin hits you with a club.
You die...

....##.#.#.#.#.....
...................#
###.....#%#.#......#
#)#............[...##
### ###.#...............
... ................#.#
#
.......ยง...5....#.#####
# ####..................
# ##..........@.......
## #...#......gb.#####.
#. #.........5...#(([#.
.....
#####<........#???#.
##... #.........#%?=#.
#.## #.........#####. ..
# ########.....[.. # .
#........ .# .......


You could see a hobgoblin, a bat and 2 friendly crimson imps.

Vanquished Creatures
  An adder (D:2)
  A dart slug (D:2)
  A hobgoblin (D:3)
  A kobold (D:3)
4 creatures vanquished.

Vanquished Creatures (collateral kills)
  A worm (D:3)
  A giant gecko (D:2)
  2 ball pythons
  A giant cockroach (D:2)
  2 goblins
  2 hobgoblins (D:1)
  4 jackals (D:1)
  2 kobolds
  A bat (D:1)
  A rat (D:2)
17 creatures vanquished.

Grand Total: 21 creatures vanquished

Notes
Turn   | Place    | Note
-------+----------+-------------------------------------------
     0 | D:1      | jacquesderrida the Demonspawn Summoner began the quest for the Orb.
     0 | D:1      | Reached XP level 1. HP: 13/13 MP: 3/3
   307 | D:2      | Gained mutation: You regenerate a little health from kills. [demonic ancestry]
   307 | D:2      | Reached XP level 2. HP: 19/19 MP: 1/5
   375 | D:2      | Learned a level 2 spell: Call Imp
   466 | D:3      | Noticed jacquesderrida's ghost (weakling DsSu)
   506 | D:2      | Reached skill level 5 in Summonings
   511 | D:2      | Gained mutation: You regenerate health from kills. [demonic ancestry]
   511 | D:2      | Reached XP level 3. HP: 7/24 MP: 3/6
   581 | D:3      | Slain by a hobgoblin

Vault maps used:
D:1:      minmay_arrival_stair_chambers, roderic_lattice_a
D:2:      first_bread
D:3:      old_standard_altar, serial_glass, glass_columns_a, glass_columns_c,
          glass_columns_b, glass_columns_c, glass_columns_b, item_on_display_a,
          minmay_strange_pillars, due_unseen_surprise, minmay_strange_pillars

Skill      XL: |  1  2 |
---------------+-------+-----
Summonings     | 5 |  5.0
Dodging        | |  1.7
Stealth        | |  1.7
Spellcasting   | |  2.0

Action                   || total
-------------------------++-------
Melee: Unarmed           ||     6
       Mace              ||    21
 Cast: Summon Small Mamm ||    22
       Call Imp          ||     7
Armor: Robe              ||    37
Dodge: Dodged            ||    51
